 Dungeon Crawl Stone Soup version 0.31-a0-826-ga5cc291a1b (webtiles) character file.

Game seed: 15961700550530725747

1412 qw the Skirmisher (level 8, -5/51 HPs)
             Began as a Gargoyle Hunter on Sept 23, 2023.
             Was an Initiate of Okawaru.
             Slain by an ogre
             ... wielding a +0 giant spiked club
              (16 damage)
             ... on level 6 of the Dungeon.
             The game lasted 00:02:11 (4478 turns).

qw the Skirmisher (Gargoyle Hunter)                 Turns: 4478, Time: 00:02:11

Health: -5/51      AC: 11    Str: 15    XL:     8   Next: 70%
Magic:  8/8        EV: 11    Int: 10    God:    Okawaru [......]
Gold:   380        SH:  5    Dex: 15    Spells: 7/7 levels left

rFire   . . .        Y - +0 shortbow
rCold   . . .        (shield currently unavailable)
rNeg    + + .        d - +0 ring mail
rPois   inf          (no helmet)
rElec   +            (no cloak)
rCorr   .            (no gloves)
SInv    .            (no boots)
Will    +....        c - amulet of reflection
Stlth   +            f - ring of willpower
HPRegen 0.28/turn    j - ring of positive energy
MPRegen 0.11/turn

%: reflection
@: about to teleport
A: sickness immunity, AC +5, negative energy resistance 1, electricity
resistance, torment resistance 1, petrification resistance
a: Renounce Religion


You were on level 6 of the Dungeon.
You worshipped Okawaru.
Okawaru was noncommittal.
You visited 2 branches of the dungeon, and saw 7 of its levels.
You also visited: Ossuary.

You collected 380 gold pieces.


Innate Abilities, Weirdness & Mutations

You are immune to sickness and miasma.
Your stone body is resilient. (AC +5)
You are immune to poison.
You resist negative energy. (rN+)
You are resistant to electric shocks. (rElec)
You are resistant to unholy torment.
You are immune to petrification.


   Skills:
 - Level 6.1 Fighting
 + Level 9.3 Ranged Weapons
 - Level 3.1 Armour
 - Level 2.1 Dodging
 - Level 1.1 Stealth


You had 7 spell levels left.
You didn't know any spells.
Your spell library was empty.

Inventory:

Hand Weapons
 Y - a +0 shortbow (weapon)
Armour
 d - a +0 ring mail (worn)
Jewellery
 c - an amulet of reflection (around neck)
 f - a ring of willpower (left hand)
 j - a ring of positive energy (right hand)
Scrolls
 e - a scroll of identify
Potions
 a - a potion of haste
 b - 4 potions of curing
 h - 3 potions of mutation
 i - a potion of might
 k - a potion of resistance
 l - a potion of lignification {unknown}
 m - a potion of enlightenment
 n - a potion of attraction {unknown}
 o - a potion of degeneration {unknown}

Dungeon Overview and Level Annotations

Branches:
Dungeon (6/15)             Temple (1/1) D:5         Ossuary (visited)

Altars:
Ashenzari
Elyvilon
Gozag
Hepliaklqana
Kikubaaqudgha
Makhleb
Nemelex Xobeh
Okawaru
Qazlal
Uskayaw
Vehumet
Wu Jian
Xom
Zin

Shops:
D:6 [

Annotations:
D:3 3 runed translucent doors, qw's ghost, amateur GrHu


Message History

HP restored.
Found a book of Frost.
Found a stone staircase leading up.
Enter note:
Enter note:
Enter note: An ogre comes into view. It is wielding a +0 giant spiked club.
The ogre shouts!
You shoot an arrow. The arrow hits the ogre!
The ogre is moderately wounded.
An iguana comes into view.
You shoot an arrow. The iguana hisses angrily.
The arrow hits the ogre.
The ogre is moderately wounded.
You shoot an arrow. The arrow hits the ogre.
The ogre is heavily wounded.
You shoot an arrow. The arrow hits the ogre.
The ogre is heavily wounded.
You shoot an arrow. The arrow hits the ogre.
The ogre is heavily wounded.
You shoot an arrow. The arrow completely misses the ogre.
The ogre completely misses you.
You shoot an arrow. The arrow closely misses the ogre.
You block the ogre's attack.
You shoot an arrow. The arrow hits the ogre.
The ogre is severely wounded.
The ogre completely misses you. You block the iguana's attack.
You shoot an arrow. The arrow hits the ogre!
The ogre is almost dead.
You block the iguana's attack.
You shoot an arrow. The arrow hits the ogre.
The ogre is almost dead.
The ogre hits you with a +0 giant spiked club!!!
Ouch! That really hurt!
The iguana bites you.
4478 ||| READING scroll of teleportation.
As you read the scroll of teleportation, it crumbles to dust.
You feel strangely unstable.
The ogre hits you with a +0 giant spiked club!
You die...

# #.#.####.#
.#........)# .
#.###.####.. .. #.# #.#
#.# ... #.# #.# #.# ....
##.###.# #.# .....
#...##.## #.#
......######.......###.#
#.. .... ####.##..<....
.... ........##.###
####.#####.#


You could see an ogre and an iguana.

Vanquished Creatures
  A dream sheep (D:4)
  Eustachio (D:5)
  Edmund (D:6)
  Menkaure (D:5)
  A kobold brigand (D:3)
  An elf zombie (Ossuary)
  Blork the orc (D:5)
  2 scorpions (D:5)
  A howler monkey (D:6)
  5 hounds
  An orc priest (D:4)
  5 iguanas
  A sleepcap (D:5)
  2 orc wizards (D:4)
  4 mummies (Ossuary)
  A river rat (D:4)
  7 adders
  An adder zombie (Ossuary)
  A worm (D:3)
  3 dart slugs
  13 orcs
  4 bats
  3 endoplasms
  3 giant cockroaches
  8 goblins
  9 hobgoblins
  2 jackals (D:5)
  3 quokkas (D:2)
  7 ball pythons
  A frilled lizard (D:2)
  A gnoll zombie (Ossuary)
  3 goblin zombies (Ossuary)
  A hobgoblin zombie (Ossuary)
  2 jackal zombies (Ossuary)
  5 kobolds
  A kobold zombie (Ossuary)
  2 orc zombies (Ossuary)
  7 rats
116 creatures vanquished.

Vanquished Creatures (others)
  4 dream sheep (D:4)
4 creatures vanquished.

Grand Total: 120 creatures vanquished

Notes
Turn   | Place    | Note
-------+----------+-------------------------------------------
     0 | D:1      | qw the Gargoyle Hunter began the quest for the Orb.
     0 | D:1      | Reached XP level 1. HP: 12/12 MP: 1/1
     0 | D:1      | 0 ||| qw: Version: 0.3-a-83-gcd0e7d8
     0 | D:1      | 0 ||| qw: Game counter: 1888
     0 | D:1      | 0 ||| qw: Melee chars always use a shield: true
     0 | D:1      | 0 ||| qw: God list: Okawaru
     0 | D:1      | 0 ||| qw: Allow faded altars: false
     0 | D:1      | 0 ||| qw: Do Orc after clearing Dungeon:15 true
     0 | D:1      | 0 ||| qw: Do second Lair branch before Depths: true
     0 | D:1      | 0 ||| qw: Lair rune preference: random
     0 | D:1      | 0 ||| qw: Goals: Normal
     0 | D:1      | 0 ||| PLANNING D:1-11
   112 | D:1      | Reached XP level 2. HP: 17/17 MP: 2/2
   521 | D:1      | 521 ||| READING scroll labelled FIOKHL FIUZEN.
   522 | D:1      | 522 ||| READING 2 scrolls labelled NONKAH SAFUWOVOWK.
   526 | D:1      | 526 ||| READING scroll labelled IPSU EDOTTO.
   527 | D:1      | 527 ||| READING scroll labelled URUVIUL BICI.
   528 | D:1      | 528 ||| READING scroll labelled EBUEST ICASI.
   529 | D:1      | 529 ||| DROPPING scroll of butterflies.
   547 | D:2      | 547 ||| STAIRDANCE
   564 | D:2      | 564 ||| FLEEEEING.
   565 | D:2      | 565 ||| FLEEEEING.
   571 | D:2      | Reached XP level 3. HP: 21/21 MP: 3/3
   577 | D:2      | Reached skill level 5 in Ranged Weapons
   794 | D:2      | Reached skill level 3 in Fighting
   924 | D:2      | 924 ||| UPGRADING to +0 ring mail.
   934 | D:2      | 934 ||| DROPPING +0 leather armour.
   935 | D:2      | 935 ||| UPGRADING to ring of willpower.
   936 | D:2      | 936 ||| DRINKING 2 glowing dark potions.
   952 | D:3      | Found a faded altar of an unknown god.
  1003 | D:3      | Found a runed translucent gate.
  1003 | D:3      | Found a runed translucent gate.
  1005 | D:3      | Found a runed translucent gate.
  1005 | D:3      | Noticed qw's ghost (amateur GrHu)
  1013 | D:3      | Noticed a phantom
  1024 | D:3      | Noticed a kobold brigand
  1040 | D:3      | HP: 5/23 [kobold brigand/+0 dagger (5)]
  1040 | D:3      | HP: 2/23 [kobold brigand/+0 dagger (3)]
  1041 | D:3      | 1041 ||| READING scroll of teleportation.
  1161 | D:3      | Killed a kobold brigand
  1162 | D:3      | Reached skill level 3 in Armour
  1162 | D:3      | Reached XP level 4. HP: 25/28 MP: 4/4
  1162 | D:3      | Reached XP level 5. HP: 29/32 MP: 5/5
  1238 | D:3      | Found an ornate altar of the Wu Jian Council.
  1337 | D:3      | Found an opulent altar of Gozag.
  1643 | D:3      | 1643 ||| UPGRADING to amulet of reflection.
  1648 | D:3      | 1648 ||| DRINKING 3 fizzy red potions.
  1660 | D:4      | 1660 ||| PLANNING SEWER
  1776 | D:4      | Noticed a dream sheep
  1776 | D:4      | Noticed a dream sheep
  1776 | D:4      | Noticed a dream sheep
  1776 | D:4      | Noticed a dream sheep
  1776 | D:4      | Noticed a dream sheep
  1776 | D:4      | Found a shimmering altar of Xom.
  1778 | D:4      | Killed a dream sheep
  1778 | D:4      | Killed a dream sheep
  1779 | D:4      | Killed a dream sheep
  1779 | D:4      | Killed a dream sheep
  1780 | D:4      | Reached skill level 6 in Ranged Weapons
  1780 | D:4      | Reached XP level 6. HP: 37/37 MP: 6/6
  1780 | D:4      | Killed a dream sheep
  1871 | D:4      | HP: 5/37 [something/puff of flame (7)]
  1872 | D:4      | 1872 ||| READING scroll of teleportation.
  2056 | D:4      | Found a sparkling altar of Nemelex Xobeh.
  2397 | D:4      | 2397 ||| RIP SEWER
  2435 | D:4      | 2435 ||| PLANNING D:1-11
  2585 | D:4      | 2585 ||| READING scroll labelled GYNTEW SUTHE.
  2607 | D:5      | Entered Level 5 of the Dungeon
  2638 | D:5      | Reached XP level 7. HP: 43/43 MP: 7/7
  2652 | D:5      | Noticed Blork the orc
  2664 | D:5      | Killed Blork the orc
  2665 | D:5      | Reached skill level 7 in Ranged Weapons
  2836 | D:5      | Noticed Eustachio
  2876 | D:5      | 2876 ||| FLEEEEING.
  2877 | D:5      | 2877 ||| FLEEEEING.
  2878 | D:5      | 2878 ||| FLEEEEING.
  2886 | D:5      | Killed Eustachio
  2971 | D:5      | Reached skill level 8 in Ranged Weapons
  3091 | D:5      | Found a staircase to the Ecumenical Temple.
  3092 | D:5      | 3092 ||| PLANNING TEMPLE
  3092 | D:5      | 3092 ||| UPGRADING to ring of positive energy.
  3093 | D:5      | 3093 ||| READING scroll labelled COLYRAU HEGIBE.
  3094 | D:5      | 3094 ||| READING scroll labelled GEORGH FEIWK.
  3095 | D:5      | 3095 ||| DRINKING 2 puce potions.
  3103 | Temple   | Entered the Ecumenical Temple
  3104 | Temple   | 3104 ||| PLANNING D:1-11
  3230 | D:5      | Reached XP level 8. HP: 49/49 MP: 8/8
  3311 | D:5      | Found a burning altar of Makhleb.
  3448 | D:5      | Found a broken altar of Ashenzari.
  3448 | D:5      | Noticed Menkaure
  3458 | D:5      | Killed Menkaure
  3515 | D:5      | 3515 ||| READING 2 scrolls of identify.
  3515 | D:5      | 3515 ||| IDENTIFYING bubbling purple potion
  3519 | D:6      | 3519 ||| PLANNING OSSUARY
  3559 | D:6      | Found a hazy altar of Hepliaklqana.
  3652 | D:6      | Found an iron altar of Okawaru.
  3738 | D:6      | Found Meoloyt's Antique Armour Shoppe.
  3816 | D:6      | Found a sand-covered staircase.
  3817 | D:6      | 3817 ||| READING scroll labelled TIFIUT BIHI.
  3825 | Ossuary  | Entered an ossuary
  3847 | Ossuary  | Reached skill level 9 in Ranged Weapons
  4104 | Ossuary  | 4104 ||| READING scroll labelled OFESEU ASCHICHO.
  4105 | Ossuary  | 4105 ||| READING 2 scrolls labelled UHIUJOTUPS.
  4106 | Ossuary  | 4106 ||| DRINKING 2 smoky white potions.
  4107 | Ossuary  | 4107 ||| READING 2 scrolls of identify.
  4107 | Ossuary  | 4107 ||| IDENTIFYING black potion
  4108 | Ossuary  | 4108 ||| DROPPING scroll of noise.
  4122 | D:6      | 4122 ||| PLANNING OKAWARU WORSHIP
  4193 | D:6      | Became a worshipper of Warmaster Okawaru
  4194 | D:6      | 4194 ||| PLANNING D:1-11
  4277 | D:6      | Noticed Edmund
  4285 | D:6      | Killed Edmund
  4286 | D:6      | Reached skill level 6 in Fighting
  4477 | D:6      | HP: 11/51 [iguana (4)]
  4478 | D:6      | 4478 ||| READING scroll of teleportation.
  4478 | D:6      | Slain by an ogre

Levels and vault maps discovered:
D:1:      lightli_arrival_lavapool, layout_basic, corexii_hall_statues_l
D:2:      layout_rooms, st_stairs_12
D:3:      layout_basic, nicolae_wu_jian_wuxing_cycle, grunt_gozag_breadcrumbs,
          dreamdust_ecumenical_altar_statues, gammafunk_ghost_split
D:4:      layout_gridville, kb_xom_exploding_sheep,
          mainiacjoe_overflow_six_doors_small, portal_sewer_entry_b, uniq_robin
D:5:      layout_loops_ring, mainiacjoe_overflow_tiny_flanked,
          kennysheep_little_box, minmay_temple_entry_metal_lava, uniq_eustachio,
          uniq_menkaure, uniq_blork_the_orc
D:6:      layout_loops_ring, old_standard_altar, mainiacjoe_overflow_alcove_1,
          serial_shops, kennysheep_mini_moat, chequers_ossuary_entry_cave,
          uniq_edmund
Temple:   hellmonk_temple_beads

Skill      XL: |  1  2  3  4  5  6  7  8 |
---------------+-------------------------+-----
Ranged Weapons | 5 6 8 9 |  9.3
Fighting       | 3 4 5 6 |  6.1
Armour         | 3 |  3.1
Dodging        | 2 |  2.1
Stealth        | |  1.1

Action                     |  1- 3 |  4- 6 |  7- 9 || total
---------------------------+-------+-------+-------++-------
   Fire: Shortbow          |   133 |   171 |   289 ||   593
    Use: Scroll            |     6 |     2 |     8 ||    16
         Potion            |     1 |     1 |     2 ||     4
 Armour: Leather armour    |    24 |       |       ||    24
         Ring mail         |    18 |   107 |   203 ||   328
  Dodge: Dodged            |    31 |    47 |   166 ||   244
  Block: Other             |       |    14 |    79 ||    93
         Reflection        |       |       |     1 ||     1

Table legend:
 A = Non-vault XP
 B = Vault XP
 C = Vault XP percentage of total XP
 D = Non-vault monster count
 E = Vault monster count
 F = Vault count percentage of total count
                 A         B        C        D         E       F
            +---------+---------+-------+---------+---------+-------
      Total |    1206 |     812 |  40.2 |      90 |      27 |  23.1
            +---------+---------+-------+---------+---------+-------
        D:1 |      31 |       0 |   0.0 |      17 |       0 |   0.0
        D:2 |      40 |       4 |   9.1 |      17 |       2 |  10.5
        D:3 |     174 |       0 |   0.0 |      11 |       0 |   0.0
        D:4 |     294 |      19 |   6.1 |      23 |       5 |  17.9
        D:5 |     421 |     445 |  51.4 |      12 |       3 |  20.0
        D:6 |     246 |     162 |  39.7 |      10 |       1 |   9.1
    Ossuary |       0 |     182 | 100.0 |       0 |      16 | 100.0
            +---------+---------+-------+---------+---------+-------
